 Dungeon Crawl Stone Soup version 0.30-a0-557-ge2afbf3030 (webtiles) character file.

Game seed: 15193623612395914704

25 Newt the Shooter (level 3, 0/21 HPs)
             Began as a Kobold Hunter on Dec 27, 2022.
             Succumbed to an adder's poison
             ... on level 1 of the Dungeon.
             The game lasted 00:00:55 (455 turns).

Newt the Shooter (Kobold Hunter)                     Turns: 455, Time: 00:00:55

Health: 0/21       AC:  4    Str:  8    XL:     3   Next: 20%
Magic:  3/3        EV: 14    Int: 10    God:
Gold:   27         SH:  0    Dex: 20    Spells: 2/2 levels left

rFire   . . .      SeeInvis .    a - +0 shortbow
rCold   . . .      Faith    .    (shield currently unavailable)
rNeg    . . .      Spirit   .    c - +0 leather armour
rPois   .          Reflect  .    (no helmet)
rElec   .          Harm     .    (no cloak)
rCorr   .          Rampage  .    (no gloves)
Will    .....                    i - +0 pair of boots
Stlth   +++                      (no amulet)
HPRegen 0.23/turn                (no ring)
MPRegen 0.08/turn                (no ring)

@: brilliant, lethally poisoned (0 -> -5)
A: small, no large weapons, nightstalker 3
a: no special abilities


You were on level 1 of the Dungeon.
You visited 1 branch of the dungeon, and saw 2 of its levels.

You collected 27 gold pieces.

Inventory:

Hand Weapons
 a - a +0 shortbow (weapon)
Missiles
 f - 3 poisoned darts
Armour
 c - a +0 leather armour (worn)
 i - a +0 pair of boots (worn)
Jewellery
 j - a +6 ring of intelligence
Scrolls
 b - 2 scrolls of immolation
 d - a scroll of identify
 e - 2 scrolls of poison
 g - a scroll of noise


   Skills:
 - Level 2.1 Fighting
 + Level 6.5 Ranged Weapons
 - Level 2.4 Dodging
 - Level 1.3 Stealth


You had 2 spell levels left.
You didn't know any spells.
Your spell library contained the following spells:

 Spells                   Type           Power      Damage    Failure   Level
 Slow                     Hex            0%         N/A       50%         1
 Confusing Touch          Hex            0%         N/A       86%         3
 Vampiric Draining        Necr           0%         2d6       86%         3


Dungeon Overview and Level Annotations

Branches:
Dungeon (2/15)

Altars:


Innate Abilities, Weirdness & Mutations

You are small and have problems with some larger weapons.
You are completely attuned to the shadows.


Message History

As you read the scroll labelled PIOGITHROYRCHE, it crumbles to dust.
It is a scroll of identify.
g - a scroll of noise You feel sick.
You are no longer poisoned.
The adder barely misses you. x2
The air fills with toxic fumes!
As you read the scroll labelled QOURENECSA, it crumbles to dust.
It was a scroll of poison.
The adder bites you but does no damage. The adder barely misses you.
The adder closely misses you.
Okay, then.
You shoot an arrow. The arrow hits the adder.
You kill the adder!
The bat hits you but does no damage. The adder barely misses you.
The adder closely misses you.
You have reached level 3!
Your experience leads to an increase in your attributes!
Increase (S)trength, (I)ntelligence, or (D)exterity?
You feel agile. x2
The adder attacks as you move away! The adder completely misses you.
The bat misses you. x2; The adder barely misses you.
The adder bites you.
You are poisoned.
The adder poisons you!
There is a stone staircase leading up here.
You feel sick. The bat misses you. The adder closely misses you.
The adder completely misses you.
You climb upwards.
You feel sick.
There is a stone staircase leading down here.
The adder attacks as you move away! The adder bites you but does no damage.
You feel sick. The adder barely misses you. The adder bites you.
* * * LOW HITPOINT WARNING * * *
The adder attacks as you move away! The adder completely misses you.
You feel sick.
You feel sick. The adder bites you.
* * * LOW HITPOINT WARNING * * *
You are more poisoned.
The adder poisons you!
It was a potion of brilliance.
You feel clever all of a sudden.
You die...

.########.###...##...##....###
.###...#...##....########.##
###.........#.....#Z #.#
##...........#....##### #.#
##...........##.......###.####
#...........#....>..........#
###.........#..##...###..#####
# ##...#...#..###SS.###..#
############....@....##..###
..#######....######........##
#.........#..# ####......#
######...##.## #......#
#...(..# #......## #...>###
#.......#### #...##
####........ #...# #####.###
#...# #....


You could see 2 adders.

Vanquished Creatures
  2 adders (D:2)
  A bat (D:1)
  An endoplasm (D:1)
  A goblin (D:1)
  2 kobolds (D:1)
  A frilled lizard (D:1)
  A rat (D:1)
9 creatures vanquished.

Notes
Turn   | Place    | Note
-------+----------+-------------------------------------------
     0 | D:1      | Newt the Kobold Hunter began the quest for the Orb.
     0 | D:1      | Reached XP level 1. HP: 12/12 MP: 1/1
     2 | D:1      | Noticed a merfolk zombie
     2 | D:1      | Noticed a vampire
     4 | D:1      | Noticed a demonspawn
    13 | D:1      | Noticed a felid
    15 | D:1      | Noticed a tengu
    17 | D:1      | Noticed a ghoul
   232 | D:1      | Reached XP level 2. HP: 17/17 MP: 2/2
   257 | D:1      | Found a faded altar of an unknown god.
   445 | D:2      | Reached skill level 6 in Ranged Weapons
   449 | D:2      | Reached XP level 3. HP: 13/21 MP: 3/3
   454 | D:1      | HP: 1/21 [adder (2)]
   455 | D:1      | Succumbed to an adder's poison

Illustrated notes

Levels and vault maps discovered:
D:1:      shiori_arrival_whats_in_store_for_you, layout_rooms,
          ebering_ecumenical_altar_sacrificial
D:2:      layout_rooms, uniq_terence, uniq_sigmund, uniq_natasha

Skill      XL: |  1  2 |
---------------+-------+-----
Ranged Weapons | 6 |  6.5
Fighting       | |  2.1
Dodging        | |  2.4
Stealth        | |  1.3

Action                   || total
-------------------------++-------
 Fire: Shortbow          ||    20
  Use: Scroll            ||     2
       Potion            ||     1
Armor: Leather armour    ||     7
Dodge: Dodged            ||    27

Table legend: (Time is in decaauts)
 A = Elapsed time spent in this place.
 B = Non-inter-level travel time spent in this place.
 C = Inter-level travel time spent in this place.
 D = Time resting spent in this place.
 E = Time spent auto-exploring this place.
 F = Levels seen in this place.
 G = Mean time per level.
                   A        B        C        D        E       F      G
               +--------+--------+--------+--------+--------+-----+--------+
         Total |    460 |    425 |     35 |      0 |    354 |   2 |  230.0 |
       Dungeon |    460 |    425 |     35 |      0 |    354 |   2 |  230.0 |
               +--------+--------+--------+--------+--------+-----+--------+

Top non-repeatable levels by time:
     D:1: 436 daAuts
     D:2: 23 daAuts
